 Dungeon Crawl Stone Soup version 0.26-b1-32-g5d43845318 (webtiles) character file.

Game seed: 16297045130358112377

61599 Aviak the Cruncher (level 15, -21/115 HPs)
             Began as a Gnoll Ice Elementalist on Jan 6, 2021.
             Was an Initiate of Gozag.
             Demolished by an enormous slime creature (75 damage)
             ... on level 12 of the Dungeon.
             The game lasted 00:45:39 (22002 turns).

Aviak the Cruncher (Gnoll Ice Elementalist)        Turns: 22002, Time: 00:45:40

Health: -21/115    AC: 19    Str:  9    XL:     15   Next: 3%
Magic:  17/29      EV: 20    Int: 28    God:    Gozag
Gold:   514        SH:  9    Dex: 19    Spells: 14/35 levels left

rFire    . . .     SeeInvis .   S - +3 scimitar (flame)
rCold    + + .     Faith    .   n - +2 buckler
rNeg     + + +     Spirit   .   b - +1 leather armour "Lohaorgh" {Will+++ rCorr}
rPois    +         Reflect  .   K - +2 helmet {Int+3}
rElec    .         Harm     .   X - +0 cloak {rCorr}
rCorr    +         Rampage  .   g - +0 pair of fencer's gloves {Riposte Dex+3}
Will     +++++                  (no boots)
Stlth    ++++++....             R - amulet of regeneration
HPRegen  0.69/turn              z - ring of Timag {rPois rC+ rN+++ Str-3 Slay+2}
MPRegen  0.21/turn              e - ring "Lom Piucw" {rC+ Will+ Int+3 Stlth+}

@: icy armour, gold aura, frozen ramparts, studying Staves
A: distributed training, fangs 1, strong nose
a: Renounce Religion, Potion Petition, Call Merchant, Bribe Branch


You were on level 12 of the Dungeon.
You worshipped Gozag.
Gozag was pleased with you.
You visited 3 branches of the dungeon, and saw 19 of its levels.
You also visited: Ossuary.

You collected 6021 gold pieces.
You spent 3061 gold pieces at shops.
You paid 2446 gold pieces to Gozag.

Inventory:

Hand Weapons
 S - a +3 scimitar of flaming (weapon)
Missiles
 o - a throwing net {!f}
Armour
 b - the +1 leather armour "Lohaorgh" (worn) {Will+++ rCorr}
   (You bought it in a shop on level 11 of the Dungeon)

   It affects your willpower, your defense against some magical effects.
   It provides partial protection from all sources of acid and corrosion.
 g - the +0 pair of fencer's gloves (worn) {Riposte Dex+3}
   (You bought it in a shop on level 5 of the Dungeon)

   It affects your dexterity (+3).
 k - the cursed +0 tower shield "Xemoq" {Int+4}
   (You bought it in a shop on level 5 of the Dungeon)

   It affects your intelligence (+4).
   It has a curse placed upon it.
 m - a +0 kite shield
 n - a +2 buckler (worn)
 K - a +2 helmet of intelligence (worn)
 X - a +0 cloak of preservation (worn)
Jewellery
 d - an uncursed ring of ice
 e - the ring "Lom Piucw" (right hand) {rC+ Will+ Int+3 Stlth+}
   (You bought it in a shop on level 5 of the Dungeon)

   [ring of protection from cold]

   It affects your intelligence (+3).
   It protects you from cold.
   It affects your willpower, your defense against some magical effects.
   It makes you more stealthy.
 p - a +6 ring of intelligence
 z - the ring of Timag (left hand) {rPois rC+ rN+++ Str-3 Slay+2}
   (You bought it in a shop on level 5 of the Dungeon)

   [ring of protection from cold]

   It affects your strength (-3).
   It affects your accuracy and damage with ranged weapons and melee attacks
   (+2).
   It protects you from cold.
   It protects you from poison.
   It renders you almost immune to negative energy.
 C - an uncursed amulet of reflection
 E - an uncursed ring of wizardry
 R - an amulet of regeneration (around neck)
 Z - an uncursed ring of resist corrosion
Wands
 w - a wand of paralysis (8)
 G - a wand of flame (43)
 M - a wand of polymorph (35)
 N - a wand of acid (4)
 T - a wand of random effects (33)
 U - a wand of enslavement (6)
Scrolls
 i - a scroll of identify
 r - 10 scrolls of remove curse
 s - a scroll of summoning {!r}
 t - 5 scrolls of teleportation
 u - 3 scrolls of enchant armour
 x - 3 scrolls of blinking
 y - a scroll of torment {!r}
 B - 2 scrolls of magic mapping
 H - 3 scrolls of fog
 I - 2 scrolls of holy word
 O - 2 scrolls of fear
 P - a scroll of random uselessness {unknown}
 W - a scroll of amnesia
 Y - 3 scrolls of immolation {unknown}
Potions
 a - 2 potions of berserk rage
 c - 13 potions of curing
 f - a potion of haste
 h - a potion of heal wounds
 j - 2 potions of attraction
 l - 2 potions of invisibility
 q - 2 potions of ambrosia
 v - 5 potions of flight
 A - 2 potions of magic
 D - 4 potions of brilliance
 F - 2 potions of lignification {unknown}
 J - a potion of mutation {unknown}
 V - 3 potions of might
Books
 L - a manual of Staves


   Skills:
 + Level 9.7 Fighting
 + Level 9.7 Short Blades
 + Level 9.7 Long Blades
 + Level 9.7 Axes
 + Level 9.7 Maces & Flails
 + Level 9.7 Polearms
 + Level 12.2 Staves
 + Level 9.7 Slings
 + Level 9.7 Bows
 + Level 9.7 Crossbows
 + Level 9.7 Throwing
 + Level 9.7 Armour
 + Level 10.7 Dodging
 + Level 10.5 Stealth
 + Level 9.7 Shields
 + Level 9.7 Unarmed Combat
 + Level 10.8 Spellcasting
 + Level 8.1 Conjurations
 + Level 8.1 Hexes
 + Level 8.1 Summonings
 + Level 8.1 Necromancy
 + Level 8.1 Translocations
 + Level 8.1 Transmutations
 + Level 8.1 Fire Magic
 + Level 10.7 Ice Magic
 + Level 8.1 Air Magic
 + Level 8.1 Earth Magic
 + Level 8.1 Poison Magic
 + Level 10.5 Invocations
 + Level 9.7 Evocations


You had 14 spell levels left.
You knew the following spells:

 Your Spells              Type           Power        Failure   Level
a - Freeze                Ice            100%         1%          1
b - Frozen Ramparts       Ice            100%         1%          3
c - Ozocubu's Armour      Ice            66%          1%          3
d - Hailstorm             Conj/Ice       62%          1%          4
e - Summon Ice Beast      Ice/Summ       62%          1%          4
f - Olgreb's Toxic Radia  Pois           57%          1%          4
g - Wereblood             Tmut           57%          1%          2

Your spell library contained the following spells:

 Spells                   Type           Power        Failure   Level
 Apportation              Tloc           100%         1%          1
 Beastly Appendage        Tmut           100%         1%          1
 Magic Dart               Conj           100%         1%          1
 Sting                    Tmut/Pois      100%         1%          1
 Blink                    Tloc           N/A          1%          2
 Call Imp                 Summ           57%          1%          2
 Poisonous Vapours        Pois/Air       100%         1%          2
 Searing Ray              Conj           100%         1%          2
 Slow                     Hex            57%          1%          2
 Conjure Flame            Conj/Fire      57%          1%          3
 Dazzling Flash           Conj/Hex       100%         1%          3
 Ignite Poison            Fire/Tmut/Pois 57%          1%          3
 Mephitic Cloud           Conj/Pois/Air  57%          1%          3
 Spider Form              Tmut/Pois      28%          1%          3
 Teleport Other           Tloc           57%          1%          3
 Fulminant Prism          Conj/Hex       28%          1%          4
 Ice Form                 Ice/Tmut       62%          1%          4
 Iskenderun's Mystic Bla  Conj/Tloc      57%          1%          4
 Alistair's Intoxication  Tmut/Pois      38%          4%          5
 Blade Hands              Tmut           28%          4%          5
 Disjunction              Tloc           28%          100%        8


Dungeon Overview and Level Annotations

Branches:
Dungeon (12/15)            Temple (1/1) D:5            Lair (6/6) D:9
 Shoals (0/4) Lair:3        Snake (0/4) Lair:4        Slime (0/5) Lair:6
    Orc (0/2) D:10        Ossuary (visited)

Altars:
Ashenzari
Cheibriados
Dithmenos
Elyvilon
Fedhas
Gozag
Hepliaklqana
Kikubaaqudgha
Makhleb
Nemelex Xobeh
Okawaru
Qazlal
Ru
Sif Muna
Trog
Uskayaw
Vehumet
Wu Jian
Xom
Yredelemnul
Zin
The Shining One
Jiyva
Lugonu

Shops:
D:5 !=[**   D:7 *   D:11 *[


Innate Abilities, Weirdness & Mutations

Your experience applies equally to all skills.
You have very sharp teeth.
Your uncanny sense of smell can sniff out nearby items.


Message History

Your toxic aura wanes.
The wall freezes the slime creature!
You block the slime creature's attack.
You slash the slime creature! You burn the slime creature.
You kill the slime creature!
The wall freezes the enormous slime creature.
The enormous slime creature misses you.
You riposte.
You hit the enormous slime creature. You burn the enormous slime creature.
The enormous slime creature is lightly wounded.
You hit the enormous slime creature. You burn the enormous slime creature.
The enormous slime creature is moderately wounded.
The wall freezes the enormous slime creature!
The enormous slime creature hits you.
You slash the enormous slime creature! You burn the enormous slime creature!
You bite the enormous slime creature, but do no damage.
The enormous slime creature is moderately wounded.
The wall freezes the enormous slime creature.
The enormous slime creature hits you!!!!
Ouch! That really hurt!
You die...
Your body crumbles into a pile of gold.

........>.....).##
....##..........#
....##...........
.................
#............#...
..........^.....#
.##..#...........
##.###........ #.
#@........
#...J#$...##..
.......#....# ..
.#.$...........
###..#........ ...
.........
..............
..$.. <......


You could see an enormous slime creature.

Vanquished Creatures
  Josephine (D:10)
  5 hydras
  3 two-headed ogres
  Erica (D:10)
  A catoblepas (Lair:6)
  A deep troll shaman (Lair:6)
  19 death yaks
  Sonja (Lair:2)
  A cyclops (D:11)
  2 oklob plants (Lair:4)
  An ugly thing (D:11)
  10 elephants (Lair:6)
  Joseph (D:7)
  6 black mambas
  7 cane toads
  2 torpor snails
  3 rime drakes
  3 komodo dragons
  A redback zombie (D:10)
  A polar bear (Lair:6)
  Grinder (D:3)
  A hornet (D:11)
  Prince Ribbit (D:5)
  18 blink frogs
  4 dream sheep (Lair:6)
  A slime creature (D:12)
  2 vampires
  4 wraiths
  82 yaks
  4 wyverns
  7 basilisks
  Edmund (D:5)
  4 nagas (Lair:4)
  Duvessa (D:5)
  22 water moccasins
  3 orc warriors
  3 sky beasts
  4 black bears
  An eye of draining (D:11)
  2 necrophages (D:10)
  A phantom (D:7)
  4 ice beasts
  4 ogres
  9 wolves (Lair:6)
  3 centaurs (D:8)
  Blork the orc (D:5)
  A big kobold (D:9)
  17 bullfrogs
  Dowan (D:5)
  2 scorpions
  6 wights
  12 killer bees
  2 bullfrog zombies
  A crimson imp (D:11)
  3 centaur skeletons
  9 hounds
  4 jellies
  A quasit (D:7)
  2 orc priests
  7 orc wizards
  Crazy Yiuf (D:5)
  2 bullfrog skeletons
  5 iguanas
  Natasha (D:4)
  8 hell rats
  5 worker ants
  A killer bee zombie (D:5)
  5 big kobold zombies (Ossuary)
  A hound skeleton (D:6)
  A mummy (Ossuary)
  2 howler monkey zombies
  A worker ant zombie (D:6)
  3 gnolls (D:6)
  12 adders
  11 river rats (Lair:6)
  A white imp (D:11)
  2 ufetubi
  2 oozes
  An adder skeleton (D:5)
  5 worms
  4 dart slugs (D:2)
  6 leopard geckos
  40 orcs
  3 spectral bats (Ossuary)
  6 giant cockroaches
  7 gnoll zombies (Ossuary)
  12 goblins
  9 hobgoblins
  11 jackals
  16 kobolds
  7 quokkas
  A ball python skeleton (D:5)
  9 bats
  A bat simulacrum (Ossuary)
  9 frilled lizards
  7 goblin simulacra (Ossuary)
  4 goblin zombies (Ossuary)
  A hobgoblin zombie (Ossuary)
  A kobold simulacrum (Ossuary)
  6 kobold zombies (Ossuary)
  A leopard gecko zombie (D:7)
  7 orc zombies (Ossuary)
  A quokka skeleton (D:6)
  14 rats
  2 rat simulacra (Ossuary)
  4 spectral goblins (Ossuary)
  A spectral kobold (Ossuary)
  5 spectral rats (Ossuary)
591 creatures vanquished.

Vanquished Creatures (collateral kills)
  A death yak (Lair:5)
1 creature vanquished.

Vanquished Creatures (others)
  25 fungi
  38 plants
63 creatures vanquished.

Grand Total: 655 creatures vanquished

Notes
Turn   | Place    | Note
-------+----------+-------------------------------------------
     0 | D:1      | Aviak the Gnoll Ice Elementalist began the quest for the
                  | Orb.
     0 | D:1      | Reached XP level 1. HP: 13/13 MP: 6/6
   268 | D:1      | Reached XP level 2. HP: 15/19 MP: 5/7
   956 | D:2      | Reached skill level 5 in Spellcasting
   956 | D:2      | Reached XP level 3. HP: 23/25 MP: 4/9
   965 | D:2      | Learned a level 3 spell: Frozen Ramparts
  1120 | D:2      | Reached skill level 1 in Invocations
  1168 | D:2      | Found a snail-covered altar of Cheibriados.
  1240 | D:2      | Reached skill level 1 in Fighting
  1240 | D:2      | Reached skill level 1 in Short Blades
  1240 | D:2      | Reached skill level 1 in Long Blades
  1240 | D:2      | Reached skill level 1 in Axes
  1240 | D:2      | Reached skill level 1 in Maces & Flails
  1240 | D:2      | Reached skill level 1 in Polearms
  1240 | D:2      | Reached skill level 1 in Staves
  1240 | D:2      | Reached skill level 1 in Slings
  1240 | D:2      | Reached skill level 1 in Bows
  1240 | D:2      | Reached skill level 1 in Crossbows
  1240 | D:2      | Reached skill level 1 in Throwing
  1240 | D:2      | Reached skill level 1 in Armour
  1240 | D:2      | Reached skill level 1 in Shields
  1240 | D:2      | Reached skill level 1 in Unarmed Combat
  1240 | D:2      | Reached skill level 1 in Evocations
  1529 | D:2      | Reached XP level 4. HP: 32/32 MP: 11/11
  1855 | D:2      | Reached skill level 1 in Conjurations
  1855 | D:2      | Reached skill level 1 in Hexes
  1855 | D:2      | Reached skill level 1 in Summonings
  1855 | D:2      | Reached skill level 1 in Necromancy
  1855 | D:2      | Reached skill level 1 in Translocations
  1855 | D:2      | Reached skill level 1 in Transmutations
  1855 | D:2      | Reached skill level 1 in Fire Magic
  1855 | D:2      | Reached skill level 1 in Air Magic
  1855 | D:2      | Reached skill level 1 in Earth Magic
  1855 | D:2      | Reached skill level 1 in Poison Magic
  2029 | D:2      | Found a shimmering blue altar of Sif Muna.
  2191 | D:3      | Noticed Grinder
  2258 | D:2      | Learned a level 3 spell: Ozocubu's Armour
  2458 | D:3      | Paralysed by Grinder for 6 turns
  2474 | D:3      | Killed Grinder
  2475 | D:3      | Reached skill level 2 in Staves
  2475 | D:3      | Reached skill level 5 in Dodging
  2475 | D:3      | Reached XP level 5. HP: 3/38 MP: 6/12
  2475 | D:3      | Reached XP level 6. HP: 4/44 MP: 7/14
  2797 | D:3      | Found a broken altar of Ashenzari.
  3836 | D:4      | Reached XP level 7. HP: 34/50 MP: 11/15
  4204 | D:4      | Noticed Natasha
  4209 | D:4      | Killed Natasha
  4268 | D:5      | Entered Level 5 of the Dungeon
  4300 | D:5      | Noticed Blork the orc
  4313 | D:5      | Killed Blork the orc
  4320 | D:5      | Learned a level 4 spell: Hailstorm
  4367 | D:5      | Found Onamny's Distillery.
  4400 | D:5      | Bought a potion of heal wounds for 55 gold pieces
  4400 | D:5      | Bought a potion of curing for 33 gold pieces
  4400 | D:5      | Bought a potion of heal wounds for 55 gold pieces
  4400 | D:5      | Bought a potion of curing for 33 gold pieces
  4400 | D:5      | Bought a potion of curing for 33 gold pieces
  4411 | D:5      | Noticed Edmund
  4424 | D:5      | Killed Edmund
  4425 | D:5      | Reached skill level 5 in Stealth
  4478 | D:5      | Found a runed translucent door.
  4491 | D:5      | Noticed Crazy Yiuf
  4500 | D:5      | Killed Crazy Yiuf
  4552 | D:5      | Found a staircase to the Ecumenical Temple.
  4610 | Temple   | Entered the Ecumenical Temple
  4670 | D:5      | Noticed Dowan
  4671 | D:5      | Noticed Duvessa
  4679 | D:5      | Noticed a vampire
  4679 | D:5      | Killed Dowan
  4680 | D:5      | Reached XP level 8. HP: 55/57 MP: 12/16
  4694 | D:5      | Killed a vampire
  4695 | D:5      | Reached skill level 3 in Staves
  4698 | D:5      | Killed Duvessa
  4941 | D:5      | Found Ykiuwk's Jewellery Emporium.
  4957 | D:5      | Noticed Prince Ribbit
  4967 | D:5      | Killed Prince Ribbit
  5153 | D:5      | Found a sacrificial altar of Ru.
  5314 | D:5      | Found Amargh's General Store.
  5426 | Temple   | Became a worshipper of Gozag Ym Sagoz the Greedy
  5496 | D:5      | Found Boebux's Armour Boutique.
  5500 | D:5      | Found Ibeow's Assorted Antiques.
  5622 | D:5      | Found a hide-covered altar of Uskayaw.
  5714 | D:6      | Reached XP level 9. HP: 65/65 MP: 15/18
  5750 | D:6      | Found a radiant altar of Vehumet.
  5752 | D:6      | Found a shadowy altar of Dithmenos.
  5757 | D:6      | Found a blossoming altar of Fedhas.
  5757 | D:6      | Found a burning altar of Makhleb.
  5936 | D:6      | Found a sand-covered staircase.
  5942 | Ossuary  | Entered an ossuary
  6102 | Ossuary  | Reached skill level 4 in Staves
  7298 | D:7      | Noticed Joseph
  7307 | D:7      | Killed Joseph
  7590 | D:7      | Found Qisux's Serpentskin Sales.
  7594 | D:7      | Reached skill level 5 in Invocations
  7608 | D:7      | Bought an uncursed ring of poison resistance for 260 gold
                  | pieces
  8003 | D:7      | Found a broken altar of Ashenzari.
  8043 | D:7      | Learned a level 4 spell: Olgreb's Toxic Radiance
  8048 | D:7      | Learned a level 4 spell: Summon Ice Beast
  8101 | D:7      | Found a hazy altar of Hepliaklqana.
  8826 | D:8      | Reached XP level 10. HP: 68/73 MP: 15/20
  9098 | D:8      | Noticed a two-headed ogre
  9105 | D:8      | Killed a two-headed ogre
  9106 | D:8      | Reached skill level 5 in Fighting
  9106 | D:8      | Reached skill level 5 in Short Blades
  9106 | D:8      | Reached skill level 5 in Long Blades
  9106 | D:8      | Reached skill level 5 in Axes
  9106 | D:8      | Reached skill level 5 in Maces & Flails
  9106 | D:8      | Reached skill level 5 in Polearms
  9106 | D:8      | Reached skill level 5 in Staves
  9106 | D:8      | Reached skill level 5 in Slings
  9106 | D:8      | Reached skill level 5 in Bows
  9106 | D:8      | Reached skill level 5 in Crossbows
  9106 | D:8      | Reached skill level 5 in Throwing
  9106 | D:8      | Reached skill level 5 in Armour
  9106 | D:8      | Reached skill level 5 in Shields
  9106 | D:8      | Reached skill level 5 in Unarmed Combat
  9106 | D:8      | Reached skill level 5 in Evocations
  9908 | D:9      | Found a shimmering altar of Xom.
 10439 | D:9      | Found a white marble altar of Elyvilon.
 10679 | D:9      | Found a basalt altar of Yredelemnul.
 10690 | D:9      | Reached skill level 6 in Staves
 10766 | D:9      | Found a staircase to the Lair.
 10766 | D:9      | Noticed a two-headed ogre
 10775 | D:9      | Killed a two-headed ogre
 10776 | D:9      | Reached XP level 11. HP: 67/81 MP: 12/22
 10843 | D:9      | Found Nutoasch's Antique Armour Boutique.
 10899 | D:9      | Found a bloodstained altar of Trog.
 10900 | D:9      | Found an iron altar of Okawaru.
 11321 | D:5      | Bought the +0 pair of fencer's gloves {Riposte Dex+3} for
                  | 440 gold pieces
 11321 | D:5      | Found the +0 pair of fencer's gloves {Riposte Dex+3}
 11321 | D:5      | Bought the cursed +0 tower shield "Xemoq" {Int+4} for 185
                  | gold pieces
 11357 | D:5      | Bought an uncursed amulet of regeneration for 300 gold
                  | pieces
 11487 | D:10     | Entered Level 10 of the Dungeon
 11557 | D:10     | Reached skill level 5 in Conjurations
 11557 | D:10     | Reached skill level 5 in Hexes
 11557 | D:10     | Reached skill level 5 in Summonings
 11557 | D:10     | Reached skill level 5 in Necromancy
 11557 | D:10     | Reached skill level 5 in Translocations
 11557 | D:10     | Reached skill level 5 in Transmutations
 11557 | D:10     | Reached skill level 5 in Fire Magic
 11557 | D:10     | Reached skill level 5 in Air Magic
 11557 | D:10     | Reached skill level 5 in Earth Magic
 11557 | D:10     | Reached skill level 5 in Poison Magic
 11974 | D:10     | Learned a level 2 spell: Wereblood
 11999 | D:10     | Got a brightly glowing leather armour
 12010 | D:10     | Identified the +3 leather armour "Fim Pue" {-Cast rN+++
                  | Int+5} (You found it on level 10 of the Dungeon)
 12118 | D:10     | Noticed a two-headed ogre
 12129 | D:10     | Killed a two-headed ogre
 12315 | D:10     | Noticed Erica
 12325 | D:10     | Killed Erica
 12326 | D:10     | Reached skill level 7 in Staves
 12364 | D:10     | Noticed Josephine
 12390 | D:10     | Killed Josephine
 12538 | D:10     | Found a staircase to the Orcish Mines.
 12780 | Lair:1   | Entered Level 1 of the Lair of Beasts
 12905 | Lair:1   | Reached skill level 8 in Staves
 12907 | Lair:1   | Reached XP level 12. HP: 59/89 MP: 13/24
 13656 | Lair:1   | Identified the Disquisition on Mutagenic Dislocation
 14323 | Lair:2   | Noticed a death yak
 14324 | Lair:2   | Noticed a death yak
 14331 | Lair:2   | Killed a death yak
 14332 | Lair:2   | Reached skill level 9 in Staves
 14335 | Lair:2   | Killed a death yak
 14644 | Lair:2   | Noticed Sonja
 14649 | Lair:2   | Killed Sonja
 15228 | Lair:3   | Noticed a five-headed hydra
 15230 | Lair:3   | Noticed a four-headed hydra
 15234 | Lair:3   | Reached XP level 13. HP: 82/98 MP: 18/26
 15409 | Lair:3   | Reached skill level 10 in Staves
 15505 | Lair:3   | Found a staircase to the Shoals.
 16682 | Lair:4   | Found a staircase to the Snake Pit.
 16710 | Lair:4   | Reached skill level 10 in Ice Magic
 17647 | Lair:5   | HP: 1/99 [death yak (24)]
 17669 | Lair:5   | Reached skill level 10 in Spellcasting
 18242 | Lair:5   | Reached skill level 11 in Staves
 18247 | Lair:5   | Reached XP level 14. HP: 30/106 MP: 1/28
 18851 | Lair:6   | Entered Level 6 of the Lair of Beasts
 18940 | Lair:6   | Reached skill level 10 in Dodging
 19185 | Lair:6   | Reached skill level 10 in Stealth
 19404 | Lair:6   | Reached skill level 10 in Invocations
 19682 | Lair:6   | Found a staircase to the Slime Pits.
 19682 | Lair:6   | Found a viscous altar of Jiyva.
 20108 | Lair:6   | Reached skill level 12 in Staves
 20843 | D:5      | Bought the ring "Lom Piucw" {rC+ Will+ Int+3 Stlth+} for
                  | 467 gold pieces
 20843 | D:5      | Bought the ring of Timag {rPois rC+ rN+++ Str-3 Slay+2} for
                  | 593 gold pieces
 21830 | D:11     | Reached XP level 15. HP: 114/115 MP: 22/29
 21834 | D:11     | Bought a +0 cloak of preservation for 230 gold pieces
 21847 | D:11     | Bought a glowing helmet for 195 gold pieces
 21847 | D:11     | Bought a translucent leather armour for 182 gold pieces
 21867 | D:11     | Identified the +1 leather armour "Lohaorgh" {Will+++ rCorr}
                  | (You bought it in a shop on level 11 of the Dungeon)
 22002 | D:12     | Demolished by an enormous slime creature

Illustrated notes

Levels and vault maps discovered:
D:1:      ncdulo_lavacross, layout_loops_cross, minmay_crystal_room,
          minivault_11
D:2:      minmay_thinvault, layout_basic, lemuel_blue_sif_altar,
          kennysheep_slug_shrine
D:3:      layout_rooms, old_standard_altar, minmay_increasing_density,
          uniq_grinder
D:4:      layout_gridville, uniq_natasha
D:5:      layout_basic, nicolae_ru_great_annihilating_truth,
          lemuel_coloured_pillars_altar, minmay_temple_entry_junction,
          serial_shops, nicolae_shop_overgrown_old_shop,
          nicolae_shop_waterfront, kennysheep_little_box, shop, shop_statue,
          uniq_blork_the_orc, uniq_crazy_yiuf_cottage, uniq_edmund,
          uniq_prince_ribbit1, uniq_duvessa
D:6:      corexii_shack_village, layout_gridville, grunt_temple_overflow_open,
          lightli_ossuary_entry_decrepit_ruins
D:7:      layout_layer_cave, nzn_hepliaklqana_mist_gate, basic_altar,
          guppyfry_shop_venom, uniq_joseph
D:8:      layout_loops_cross, minmay_manual_mares
D:9:      layout_loops_corners, grunt_temple_overflow_bloody_war,
          nicolae_overflow_crystal_walls, elyvilon_altar_3, lair_entry_dummy,
          serial_shops, nicolae_shop_behind_doors, basic_altar
D:10:     layout_long_grid, orc_0_dummy, roderic_nine_men_s_morris,
          minmay_holes, uniq_josephine, uniq_erica
D:11:     layout_long_grid, minmay_fire_ice_demons
D:12:     layout_cave_pools, nicolae_straight_to_the_point
Temple:   corrupted_temple
Lair:1:   layout_long_grid, lemuel_fruit_fields
Lair:2:   layout_loops_ring, uniq_sonja
Lair:3:   layout_big_grid, elwin_shoals_entry_rocks, beast_lair_carwin_11,
          serial_bayou_shore_a, infiniplex_staircase_pool_2, lemuel_fruit_fields
Lair:4:   layout_cave_pods, minmay_snake_entry_guardpost_small,
          minmay_lair_oklob_chamber
Lair:5:   layout_small_grid
Lair:6:   grunt_lair_end_beastmaster, layout_regular_city, slime_altar_1,
          kennysheep_rathole

Skill      XL: |  1  2  3  4  5  6  7  8  9 10 11 12 13 14 |
---------------+-------------------------------------------+-----
Spellcasting   | 5 6 7 8 9 10 | 10.8
Invocations    | 1 2 3 4 5 6 7 8 9 10 | 10.5
Fighting       | 1 2 3 4 5 6 7 8 9 |  9.7
Short Blades   | 1 2 3 4 5 6 7 8 9 |  9.7
Long Blades    | 1 2 3 4 5 6 7 8 9 |  9.7
Axes           | 1 2 3 4 5 6 7 8 9 |  9.7
Maces & Flails | 1 2 3 4 5 6 7 8 9 |  9.7
Polearms       | 1 2 3 4 5 6 7 8 9 |  9.7
Staves         | 1 2 3 4 6 8 9 11 12 | 12.2
Slings         | 1 2 3 4 5 6 7 8 9 |  9.7
Bows           | 1 2 3 4 5 6 7 8 9 |  9.7
Crossbows      | 1 2 3 4 5 6 7 8 9 |  9.7
Throwing       | 1 2 3 4 5 6 7 8 9 |  9.7
Armour         | 1 2 3 4 5 6 7 8 9 |  9.7
Shields        | 1 2 3 4 5 6 7 8 9 |  9.7
Unarmed Combat | 1 2 3 4 5 6 7 8 9 |  9.7
Evocations     | 1 2 3 4 5 6 7 8 9 |  9.7
Conjurations   | 1 2 3 4 5 6 7 8 |  8.1
Hexes          | 1 2 3 4 5 6 7 8 |  8.1
Summonings     | 1 2 3 4 5 6 7 8 |  8.1
Necromancy     | 1 2 3 4 5 6 7 8 |  8.1
Translocations | 1 2 3 4 5 6 7 8 |  8.1
Transmutations | 1 2 3 4 5 6 7 8 |  8.1
Fire Magic     | 1 2 3 4 5 6 7 8 |  8.1
Air Magic      | 1 2 3 4 5 6 7 8 |  8.1
Earth Magic    | 1 2 3 4 5 6 7 8 |  8.1
Poison Magic   | 1 2 3 4 5 6 7 8 |  8.1
Dodging        | 5 6 7 8 9 10 | 10.7
Stealth        | 5 6 7 8 9 10 | 10.5
Ice Magic      | 8 9 10 | 10.7

Action                   |  1- 3 |  4- 6 |  7- 9 | 10-12 | 13-15 || total
-------------------------+-------+-------+-------+-------+-------++-------
Melee: Dagger            |    56 |    39 |   338 |   155 |       ||   588
       Bite              |     6 |    15 |    37 |    49 |    88 ||   195
       Unarmed           |     2 |       |       |       |       ||     2
       Whip              |       |    99 |    39 |       |       ||   138
       Flail             |       |       |    58 |    53 |       ||   111
       Scimitar          |       |       |       |   153 |   382 ||   535
 Cast: Freeze            |    23 |     4 |       |       |       ||    27
       Frozen Ramparts   |     3 |    12 |    23 |    27 |    32 ||    97
       Ozocubu's Armour  |       |     2 |     7 |     8 |     9 ||    26
       Olgreb's Toxic Ra |       |       |     3 |    42 |    57 ||   102
       Summon Ice Beast  |       |       |       |       |     1 ||     1
Invok: Potion Petition   |       |       |       |       |     3 ||     3
       Call Merchant     |       |       |       |       |     2 ||     2
Evoke: Wand              |       |       |     6 |     1 |    11 ||    18
  Use: Potion            |       |     3 |     4 |       |     2 ||     9
       Scroll            |       |       |     4 |     7 |    13 ||    24
 Stab: Sleeping          |     7 |     5 |    22 |    12 |    13 ||    59
       Paralysed         |       |       |     1 |       |       ||     1
       Distracted        |       |       |     4 |     4 |     2 ||    10
       Petrified         |       |       |       |       |     4 ||     4
       Petrifying        |       |       |       |       |     1 ||     1
Armor: Robe              |     5 |       |       |    30 |    36 ||    71
       Leather armour    |    11 |    41 |    75 |    24 |     4 ||   155
Dodge: Dodged            |    52 |    97 |   186 |   246 |   298 ||   879
Block: Buckler           |       |     4 |   112 |   115 |   184 ||   415
       Rpst.: Flail      |       |       |       |    17 |       ||    17
       Scimitar          |       |       |       |    70 |   160 ||   230
       Dagger            |       |       |       |     5 |       ||     5
